 Dungeon Crawl Stone Soup version 0.30.0-5-g1a98f26d00 (webtiles) character file.

Game seed: 4296205807513541988

50184 ragingrage the Fencer (level 14, -2/94 HPs)
             Began as a Formicid Enchanter on May 10, 2023.
             Was a Priest of Ashenzari.
             Slain by a hornet (8 damage)
             ... on level 5 of the Lair of Beasts on May 11, 2023.
             The game lasted 01:02:37 (29489 turns).

ragingrage the Fencer (Formicid Enchanter)         Turns: 29489, Time: 01:02:37

Health: -2/94      AC:  9    Str: 13    XL:     14   Next: 96%
Magic:  10/33      EV: 11    Int: 16    God:    Ashenzari [***...]
Gold:   794        SH:  6    Dex: 18    Spells: 7/27 levels left

rFire   x . .        b - +4 great sword (heavy)
rCold   + . .        F - +0 buckler
rNeg    . . .        E - +2 ring mail of Cremastomancy {rPois, Evo, Fort} (curse)
rPois   +            (helmet unavailable)
rElec   .            s - scarf of Ashenzari's Comet {+Inv, Elem, Bglg} (curse)
rCorr   .            B - +0 pair of gloves of the Bound Stoicism {Self, Cun} (curse)
SInv    +            (no boots)
Will    +....        h - amulet of the acrobat
Stlth   +++          r - ring "Enigmatic Malaise" {Ice, Alch, Elem} (curse)
HPRegen 0.35/turn    L - ring "Eternal Apathy" {MP+9, Bglg, Evo} (curse)
MPRegen 0.23/turn

%: acrobat, clarity
@: studying Evocations
A: permanent stasis, dig shafts and tunnels, antennae 3, four strong arms
a: Dig, Shaft Self, Renounce Religion, Evoke Invisibility, Shatter the Chains


You were on level 5 of the Lair of Beasts.
You worshipped Ashenzari.
Ashenzari was most pleased with you.
You visited 3 branches of the dungeon, and saw 17 of its levels.

You collected 1754 gold pieces.
You spent 960 gold pieces at shops.

Inventory:

Hand Weapons
 a - a +3 dagger of freezing
 b - a +4 heavy great sword (weapon)
 d - a +0 arbalest
Missiles
 q - a throwing net
 t - 8 curare-tipped darts
 H - 56 poisoned darts
Armour
 s - the cursed scarf of Ashenzari's Comet (worn) {+Inv, Elem, Bglg}
   (You found it on level 9 of the Dungeon)

   It has a curse which improves the following skills: Elements: Fire Magic, Ice
   Magic, Air Magic and Earth Magic.
   Beguiling: Conjurations, Hexes and Translocations.
 B - the cursed +0 pair of gloves of the Bound Stoicism (worn) {Self, Cun}
   (You found it on level 4 of the Dungeon)

   It has a curse which improves the following skills: Introspection: Fighting
   and Spellcasting.
   Cunning:   Dodging and Stealth.
 D - a +2 scale mail of cold resistance
 E - the cursed +2 ring mail of Cremastomancy (worn) {rPois, Evo, Fort}
   (You found it on level 5 of the Dungeon)

   It has a curse which improves the following skills: Evocations: Evocations.
   Fortitude: Armour and Shields.
 F - a +0 buckler (worn)
 I - a +1 leather armour of fire resistance
Jewellery
 h - an amulet of the acrobat (around neck)
 l - a ring of poison resistance
 r - the cursed ring "Enigmatic Malaise" (left hand) {Ice, Alch, Elem}
   (You found it on level 2 of the Dungeon)

   [ring of ice]

   It enhances your ice magic.
   rF:        It makes you vulnerable to fire.
   rC:        It protects you from cold.
   It has a curse which improves the following skills: Alchemy: Poison Magic and
   Transmutations.
   Elements:  Fire Magic, Ice Magic, Air Magic and Earth Magic.
 L - the cursed ring "Eternal Apathy" (right hand) {MP+9, Bglg, Evo}
   (You found it on level 10 of the Dungeon)

   [ring of magical power]

   MP:        It affects your magic capacity (+9).
   It has a curse which improves the following skills: Beguiling: Conjurations,
   Hexes and Translocations.
   Evocations: Evocations.
 M - a ring of ice
Wands
 e - a wand of digging (3)
 j - a wand of iceblast (14)
 K - a wand of mindburst (18)
 N - a wand of paralysis (4)
Scrolls
 f - 7 scrolls of enchant weapon
 k - 3 scrolls of amnesia
 n - 3 scrolls of fog
 o - 4 scrolls of immolation
 w - 5 scrolls of vulnerability
 x - 2 scrolls of enchant armour
 y - a scroll of poison
 z - a scroll of torment
 O - a scroll of summoning
Potions
 i - 4 potions of curing
 m - 4 potions of might
 p - 4 potions of attraction
 u - 2 potions of lignification
 v - a potion of brilliance
 A - 2 potions of invisibility
 C - 4 potions of resistance
 G - 5 potions of mutation
 J - 5 potions of flight
 P - a potion of heal wounds
Miscellaneous
 Q - a phantom mirror


   Skills:
 - Level 2.6(3.9) Fighting
 - Level 2.1(10.0) Short Blades
 + Level 15.0 Long Blades
 - Level 3.0(4.3) Armour
 - Level 1.7(2.8) Dodging
 - Level 6.4(8.0) Stealth
 - Level 3.9(5.3) Shields
 - Level 5.8(7.3) Spellcasting
 + Level 8.1(10.3) Conjurations
 - Level 7.0(9.2) Hexes
 - Level 10.8(12.3) Transmutations
 - Level 4.0(6.0) Ice Magic
 - Level 3.0(4.9) Air Magic
 - Level 7.0(9.2) Earth Magic
 - Level 7.0(8.5) Poison Magic
 + Level 9.7(12.0) Evocations


You had 7 spell levels left.
You knew the following spells:

 Your Spells              Type           Power      Damage    Failure   Level
a - Ensorcelled Hibernat  Hex/Ice        90%        N/A       1%          2
b - Confusing Touch       Hex            35%        N/A       2%          3
c - Tukima's Dance        Hex            35%        N/A       2%          3
d - Poisonous Vapours     Pois/Air       54%        N/A       3%          2
e - Passwall              Tmut/Erth      33%        N/A       1%          2
f - Mephitic Cloud        Conj/Pois/Air  31%        N/A       3%          3
g - Irradiate             Conj/Tmut      21%        3d18      9%          5

Your spell library contained the following spells:

 Spells                   Type           Power      Damage    Failure   Level
 Dazzling Flash           Conj/Hex       74%        N/A       1%          3
 Petrify                  Tmut/Erth      40%        N/A       3%          4
 Yara's Violent Unravell  Hex/Tmut       20%        3d9       11%         5
 Inner Flame              Hex/Fire       21%        N/A       14%         3
 Apportation              Tloc           12%        N/A       28%         1
 Necrotise                Necr           20%        1d5       32%         1
 Summon Small Mammal      Summ           20%        N/A       32%         1
 Flame Wave               Conj/Fire      22%        2d8       36%         4
 Sticky Flame             Conj/Fire      22%        2d4       36%         4
 Metabolic Englaciation   Hex/Ice        22%        N/A       36%         5
 Freezing Cloud           Conj/Ice/Air   21%        6-21      43%         5
 Sublimation of Blood     Necr           5%         N/A       45%         2
 Statue Form              Tmut/Erth      26%        N/A       52%         6
 Passage of Golubria      Tloc           6%         N/A       96%         4
 Enfeeble                 Hex            17%        N/A       99%         7
 Simulacrum               Ice/Necr       11%        N/A       100%        6
 Ozocubu's Refrigeration  Ice            18%        4d11      100%        7
 Polar Vortex             Ice            18%        N/A       100%        9
 Swiftness                Air            Unusable   N/A       N/A         3

Dungeon Overview and Level Annotations

Branches:
Dungeon (11/15)            Temple (1/1) D:7            Lair (5/5) D:11
 Shoals (0/4) Lair:2        Snake (0/4) Lair:2        Slime (0/5) Lair:5
    Orc (0/2) D:11

Altars:
Ashenzari
Dithmenos
Elyvilon
Gozag
Hepliaklqana
Kikubaaqudgha
Nemelex Xobeh
Okawaru
Qazlal
Ru
Sif Muna
Trog
Yredelemnul
Zin
Jiyva

Shops:
D:1 :

Annotations:
D:4 3 runed translucent doors, Brasilia's ghost, amateur OpWn
D:10 exclusions: sensed monster (detected) and 2 vampire mosquitoes
D:11 1 runed translucent door, xzight's ghost, journeyman MiBe
Lair:1 exclusion: downstairs
Lair:3 exclusion: downstairs
Lair:4 exclusion: hog, Kirke
Lair:5 1 runed translucent door, 2 exclusions


Innate Abilities, Weirdness & Mutations

You cannot be hasted, slowed, berserked, paralysed or teleported.
You can dig through walls and to a lower floor.
You have a pair of large antennae on your head. (SInv)
Your four strong arms can wield two-handed weapons with a shield.


Message History

The hornet appears confused.
Your Long Blades skill increases to level 15!
You completely miss the hornet. The hornet closely misses you.
The tyrant leech is engulfed in noxious fumes.
Casting: Poisonous Vapours (safe; 3% risk of failure)
Aiming: Poisonous Vapours (safe; 3% risk of failure)
Aim: a tyrant leech (heavily wounded) Poisonous vapours surround the tyrant leech!
The tyrant leech is poisoned.
You hit the tyrant leech. The tyrant leech bites you.
The tyrant leech draws strength from your injuries!
You barely miss the tyrant leech. The tyrant leech bites you!!
The tyrant leech draws strength from your injuries!
The tyrant leech bites you!!
The tyrant leech draws strength from your injuries!
Hit: b) +4 great sword (heavy)
Aim: a tyrant leech (lightly wounded, poisoned, about 46% to evade your +4 heavy great sword)
You miss the tyrant leech.
The hornet looks more healthy.
The hornet buzzes around in tight circles.
The tyrant leech closely misses you. The hornet stings you!
Casting: Poisonous Vapours (safe; 3% risk of failure)
Aiming: Mephitic Cloud (mildly dangerous; 3% risk of failure)
Aim: a tyrant leech (lightly wounded, poisoned, chance to affect: 43%)
The ball explodes into a vile cloud!
The stinking cloud engulfs the tyrant leech but does no damage.
The stinking cloud engulfs the hornet but does no damage.
The stinking cloud engulfs you but does no damage.
The hornet is engulfed in noxious fumes.
The tyrant leech is engulfed in noxious fumes.
The tyrant leech bites you!!
* * * LOW HITPOINT WARNING * * *
The tyrant leech draws strength from your injuries!
Aiming: Paralyse
Aim: a tyrant leech (noxious fumes, lightly wounded, poisoned, chance to affect: 58%)
The tyrant leech resists with significant effort.
Aiming: Paralyse
Aim: a tyrant leech (noxious fumes, lightly wounded, poisoned, chance to affect: 58%)
The tyrant leech suddenly stops moving!
The tyrant leech looks more healthy.
The hornet stings you!
You die...

#...............~≈~~..........
*#.............................
##............................#
,#.............................P
##.........##.....#....##.#.P..
#####.....##.......######..#.. *
##....###.......# #..#...
#.....# ##....#.######.P...
#.....# #☼@y..#.##......... *
####.....####w○..####.........
#.###.....###....# #.........
#..........##..P## ##........ *
#..........#.#.## ##.........
##............### #.#........
#.#.........#### ##...<.....
*##...........#P## ##.#####.. {
#...........P...# ### #...


You could see a tyrant leech (paralysed) and a hornet (confused).

Vanquished Creatures
  2 hydras
  A two-headed ogre (D:9)
  A catoblepas (Lair:5)
  A boulder beetle (D:11)
  3 death yaks
  Urug (Lair:1)
  A skyshark (Lair:3)
  Sonja (Lair:1)
  A fire crab (Lair:5)
  2 lindwurms (Lair:5)
  A manticore (D:11)
  A cyclops (D:11)
  6 black mambas
  26 elephants
  3 torpor snails (Lair:5)
  A gargoyle (D:11)
  A water nymph (Lair:2)
  12 cane toads
  3 rime drakes
  4 kobold demonologists (D:11)
  3 unseen horrors (D:11)
  4 komodo dragons
  3 trolls
  2 polar bears
  14 blink frogs
  6 hornets (Lair:5)
  7 dream sheep
  A vampire (D:11)
  27 yaks
  2 wraiths
  2 hogs (Lair:4)
  2 basilisks
  6 wyverns
  Grum (Lair:1)
  4 wargs (D:11)
  An acid dragon (D:11)
  2 nagas (Lair:2)
  16 water moccasins
  7 orc warriors
  A sky beast (D:7)
  2 ice beasts
  8 black bears
  3 ogres
  19 wolves
  2 centaurs
  2 phantoms
  6 kobold brigands
  7 bullfrogs
  A gnoll sergeant (D:9)
  2 wights (D:8)
  8 killer bees (D:9)
  7 howler monkeys
  An electric eel (Lair:1)
  4 jellies
  2 hounds (D:5)
  6 orc priests
  2 sleepcaps (D:5)
  An iguana (D:5)
  8 orc wizards
  5 hell rats
  8 gnolls
  9 adders
  A white imp (D:8)
  An ufetubus (D:7)
  2 worms
  50 orcs
  11 endoplasms
  5 giant cockroaches
  6 hobgoblins
  8 jackals
  2 quokkas
  5 ball pythons
  2 bats
  10 frilled lizards
  11 goblins
  26 kobolds
  4 rats
440 creatures vanquished.

Vanquished Creatures (collateral kills)
  A two-headed ogre (D:11)
  An orc knight (D:11)
  Joseph (Lair:1)
  An orc warrior (D:10)
  A water moccasin (D:5)
  A wight (D:8)
  A howler monkey (D:9)
  4 orcs
11 creatures vanquished.

Vanquished Creatures (others)
  8 dancing weapons
8 creatures vanquished.

Grand Total: 459 creatures vanquished

Notes
Turn   | Place    | Note
-------+----------+-------------------------------------------
     0 | D:1      | ragingrage the Formicid Enchanter began the quest for the
                  | Orb.
     0 | D:1      | Reached XP level 1. HP: 13/13 MP: 3/3
   243 | D:1      | Found Piabreef's Vocational Training.
   272 | D:1      | Reached XP level 2. HP: 19/19 MP: 5/5
   280 | D:1      | Learned a level 2 spell: Ensorcelled Hibernation
   833 | D:1      | Reached skill level 1 in Ice Magic
   929 | D:2      | Reached XP level 3. HP: 24/24 MP: 6/6
  1331 | D:2      | Learned a level 3 spell: Confusing Touch
  1910 | D:2      | Reached skill level 1 in Long Blades
  2101 | D:3      | Found a broken altar of Ashenzari.
  2128 | D:3      | Reached XP level 4. HP: 20/30 MP: 4/7
  2364 | D:3      | Reached skill level 2 in Long Blades
  2364 | D:3      | Reached skill level 1 in Armour
  2420 | D:3      | Reached XP level 5. HP: 34/35 MP: 6/8
  2424 | D:3      | Learned a level 3 spell: Tukima's Dance
  2737 | D:3      | Found a basalt altar of Yredelemnul.
  2737 | D:3      | Found a glowing silver altar of Zin.
  2881 | D:3      | Found a shimmering blue altar of Sif Muna.
  3553 | D:4      | Found a hazy altar of Hepliaklqana.
  3915 | D:4      | Found a runed translucent gate.
  3915 | D:4      | Found a runed translucent gate.
  3915 | D:4      | Found a runed translucent gate.
  3916 | D:4      | Noticed Brasilia's ghost (amateur OpWn)
  3919 | D:4      | Noticed a kobold brigand
  3940 | D:5      | Entered Level 5 of the Dungeon
  3977 | D:5      | Reached skill level 3 in Long Blades
  3977 | D:5      | Reached XP level 6. HP: 41/41 MP: 4/9
  4011 | D:5      | Noticed a water moccasin
  4716 | D:5      | Noticed a water moccasin
  4722 | D:4      | Killed a water moccasin
  4807 | D:5      | HP: 2/41 [poisoned by a water moccasin]
  4814 | D:5      | Killed a water moccasin
  4815 | D:5      | Reached skill level 4 in Long Blades
  4815 | D:5      | Reached XP level 7. HP: 14/46 MP: 6/10
  4977 | D:5      | Reached skill level 5 in Long Blades
  5601 | D:5      | Reached skill level 5 in Hexes
  5944 | D:5      | Reached XP level 8. HP: 35/52 MP: 11/11
  6724 | D:6      | Reached skill level 6 in Long Blades
  6812 | D:6      | Learned a level 2 spell: Poisonous Vapours
  6870 | D:6      | Reached skill level 1 in Poison Magic
  7188 | D:6      | Reached skill level 1 in Air Magic
  7377 | D:6      | Found a bloodstained altar of Trog.
  7384 | D:6      | Reached XP level 9. HP: 57/57 MP: 9/12
  7462 | D:3      | Became a worshipper of Ashenzari the Shackled
  7539 | D:6      | Reached skill level 7 in Long Blades
  7840 | D:7      | Found a shadowy altar of Dithmenos.
  7909 | D:7      | Found a staircase to the Ecumenical Temple.
  7914 | Temple   | Entered the Ecumenical Temple
  8046 | D:7      | Reached skill level 8 in Long Blades
  8514 | D:7      | Learned a level 2 spell: Passwall
  9075 | D:8      | Found an iron altar of Okawaru.
  9124 | D:8      | Reached skill level 5 in Poison Magic
  9390 | D:3      | Learned a level 3 spell: Mephitic Cloud
  9653 | D:9      | Found a sacrificial altar of Ru.
  9669 | D:9      | Reached skill level 1 in Conjurations
  9669 | D:9      | Reached XP level 10. HP: 60/63 MP: 12/16
 10313 | D:9      | Reached skill level 1 in Transmutations
 10313 | D:9      | Reached skill level 1 in Earth Magic
 10537 | D:9      | Reached * piety under Ashenzari
 10563 | D:9      | Noticed a two-headed ogre
 10575 | D:9      | Killed a two-headed ogre
 10906 | D:9      | Reached skill level 9 in Long Blades
 11100 | D:9      | Identified Sif Muna's Collected Works on the Welkin
 11100 | D:9      | Identified Sif Muna's Vademecum on the Xenotype
 11100 | D:9      | Identified Sif Muna's Almanac of Forms
 11473 | D:10     | Entered Level 10 of the Dungeon
 11527 | D:9      | Reached ** piety under Ashenzari
 11612 | D:10     | Noticed a komodo dragon
 11616 | D:10     | Killed a komodo dragon
 11617 | D:10     | Reached skill level 1 in Shields
 12301 | D:10     | Reached XP level 11. HP: 53/68 MP: 6/18
 12737 | D:11     | Identified the Compilation of Oromancy
 12738 | D:11     | Noticed xzight's ghost (journeyman MiBe)
 13009 | D:11     | Reached skill level 5 in Earth Magic
 13091 | D:11     | Found a staircase to the Lair.
 13134 | D:11     | Noticed a manticore
 13134 | D:11     | Noticed a cyclops
 13235 | D:11     | Reached skill level 5 in Conjurations
 13393 | D:11     | Reached skill level 5 in Transmutations
 13497 | D:11     | Found a runed translucent door.
 13535 | D:11     | Found a staircase to the Orcish Mines.
 14016 | D:11     | Reached skill level 10 in Long Blades
 14141 | D:11     | Killed a cyclops
 14530 | D:11     | Reached skill level 1 in Evocations
 14839 | D:11     | Noticed a two-headed ogre
 14854 | D:11     | Killed a two-headed ogre
 14855 | D:11     | Reached skill level 1 in Fighting
 15366 | D:11     | Reached XP level 12. HP: 69/81 MP: 21/21
 15554 | D:11     | Reached skill level 5 in Stealth
 15822 | D:11     | Reached skill level 11 in Long Blades
 16204 | D:11     | Noticed a boulder beetle
 16242 | D:11     | Killed a boulder beetle
 16714 | Lair:1   | Entered Level 1 of the Lair of Beasts
 16756 | Lair:1   | Noticed Urug
 16779 | Lair:1   | Reached skill level 12 in Long Blades
 17013 | Lair:1   | Learned a level 5 spell: Irradiate
 17396 | Lair:1   | Noticed Joseph
 17411 | Lair:1   | Killed Joseph
 17412 | Lair:1   | Reached skill level 5 in Spellcasting
 17924 | Lair:1   | Identified a scroll of acquirement
 17932 | Lair:1   | Noticed Grum
 17943 | Lair:1   | Reached XP level 13. HP: 88/88 MP: 23/23
 17957 | Lair:1   | Killed Grum
 18653 | Lair:1   | Noticed Sonja
 18668 | Lair:1   | Killed Sonja
 18912 | Lair:1   | Killed Urug
 18913 | Lair:1   | Reached skill level 13 in Long Blades
 19912 | Lair:2   | Found a staircase to the Snake Pit.
 20355 | Lair:2   | Identified the +3 ring mail of Masochism {Regen+}
 21659 | Lair:3   | Noticed a four-headed hydra
 21941 | Lair:2   | Killed a four-headed hydra
 22803 | Lair:3   | Reached *** piety under Ashenzari
 22804 | Lair:3   | Acquired 731 gold pieces
 23032 | D:1      | Bought a manual of Evocations for 960 gold pieces
 23736 | Lair:3   | Reached XP level 14. HP: 59/96 MP: 11/25
 24392 | Lair:4   | Reached skill level 14 in Long Blades
 24905 | Lair:4   | Reached skill level 5 in Evocations
 25267 | Lair:4   | Noticed Kirke
 25332 | Lair:3   | Identified the cursed scarf of Ashenzari's Comet {+Inv,
                  | Elem, Bglg} (You found it on level 9 of the Dungeon)
 25332 | Lair:3   | Identified the cursed +0 pair of gloves of the Bound
                  | Stoicism {Self, Cun} (You found it on level 4 of the
                  | Dungeon)
 25332 | Lair:3   | Identified the cursed +2 ring mail of Cremastomancy {rPois,
                  | Evo, Fort} (You found it on level 5 of the Dungeon)
 25332 | Lair:3   | Identified the cursed ring "Eternal Apathy" {MP+9, Bglg,
                  | Evo} (You found it on level 10 of the Dungeon)
 26132 | Lair:4   | Reached skill level 10 in Transmutations
 26688 | Lair:5   | Entered Level 5 of the Lair of Beasts
 27514 | Lair:5   | Found a staircase to the Slime Pits.
 27550 | Lair:5   | Found a viscous altar of Jiyva.
 28534 | Lair:5   | HP: 1/94 [elephant (7)]
 28931 | Lair:5   | Found a runed translucent door.
 29482 | Lair:5   | Reached skill level 15 in Long Blades
 29489 | Lair:5   | Slain by a hornet

Illustrated notes

Levels and vault maps discovered:
D:1:      dpeg_arrival_renting, layout_basic, nrook_campfire, hex_intersection,
          nicolae_shop_vocational
D:2:      layout_loops_ring, minmay_fractal_squares_5
D:3:      layout_loops_cross, evilmike_ruin_ashenzari,
          nicolae_sif_muna_little_library, nicolae_overflow_two_pavilions,
          minmay_three_crescents
D:4:      layout_cave_pools, mainiacjoe_overflow_concentric_impassable,
          gammafunk_ghost_nasty_kobolds
D:5:      layout_loops_ring, minmay_checkerbox
D:6:      layout_loops_ring, mainiacjoe_overflow_24_doors
D:7:      layout_rooms, nicolae_dithmenos_through_a_glass_darkly,
          minmay_temple_entry_ruins, palyth_stone_intersect
D:8:      layout_rooms, kennysheep_okawaru_gauntlet, minmay_tree_intersection
D:9:      layout_roguey, overflow_temple_1_default
D:10:     layout_basic, chequers_serial_rivers_micro_a
D:11:     layout_roguey, minmay_lair_entry_grove, minmay_orc_entry_guard_dogs,
          hellmonk_ghost_big_iron, special_room [special_room_orc],
          minmay_diced_spiral
Temple:   oiseaux_autumnal_temple
Lair:1:   statuecave_lemuel, layout_layer_cave, serial_bayou_shore_b,
          uniq_sonja, uniq_grum, uniq_joseph, uniq_urug
Lair:2:   layout_cave_shapes, nicolae_shoals_entry_flooding,
          guppyfry_snake_entry_garden
Lair:3:   layout_regular_city
Lair:4:   layout_regular_city, lemuel_fruit_fields, uniq_kirke
Lair:5:   wormcave, layout_cellular_growth, hangedman_lair_in_review,
          nicolae_slime_entry_slimehenge, chequers_serial_rivers_small_a,
          infiniplex_staircase_pool

Skill      XL: |  1  2  3  4  5  6  7  8  9 10 11 12 13 14 |
---------------+-------------------------------------------+-----
Hexes          | 4 5 7 |  7.0
Ice Magic      | 1 2 3 4 |  4.0
Short Blades   | 2 |  2.1
Long Blades    | 1 2 3 4 5 6 8 9 10 12 13 15 | 15.0
Armour         | 1 2 3 |  3.0
Poison Magic   | 2 5 6 7 |  7.0
Air Magic      | 1 3 |  3.0
Spellcasting   | 3 4 5 |  5.8
Conjurations   | 1 4 5 7 8 |  8.1
Transmutations | 4 6 9 10 | 10.8
Earth Magic    | 4 6 7 |  7.0
Shields        | 2 3 |  3.9
Evocations     | 1 3 9 |  9.7
Fighting       | 1 2 |  2.6
Stealth        | 4 5 6 |  6.4
Dodging        | |  1.7

Action                     |  1- 3 |  4- 6 |  7- 9 | 10-12 | 13-15 || total
---------------------------+-------+-------+-------+-------+-------++-------
  Melee: Dagger            |    81 |    29 |    30 |    89 |   173 ||   402
         Rapier            |    70 |   145 |   225 |       |       ||   440
         Punch             |       |     1 |     2 |     3 |       ||     6
         Demon trident     |       |       |    48 |    13 |       ||    61
         Great sword       |       |       |       |   233 |   147 ||   380
  Throw: Dart              |       |       |       |       |     4 ||     4
   Cast: Ensorcelled Hiber |    11 |    31 |    48 |    98 |   106 ||   294
         Confusing Touch   |       |     1 |     3 |     4 |       ||     8
         Tukima's Dance    |       |       |     8 |    19 |    11 ||    38
         Mephitic Cloud    |       |       |     1 |    15 |    57 ||    73
         Poisonous Vapours |       |       |       |    34 |   140 ||   174
         Irradiate         |       |       |       |       |     1 ||     1
 Invoke: Curse Item        |       |       |     1 |     2 |     3 ||     6
         Shatter the Chain |       |       |       |       |     1 ||     1
Ability: Dig               |       |       |       |       |     1 ||     1
  Evoke: Wand              |       |       |       |     5 |     5 ||    10
    Use: Potion            |     2 |     4 |       |     4 |     2 ||    12
         Scroll            |     1 |     4 |     3 |     2 |     3 ||    13
   Stab: Sleeping          |    10 |    14 |    24 |    58 |    66 ||   172
         Distracted        |     1 |       |       |     1 |     1 ||     3
         Confused          |       |       |     3 |    18 |    22 ||    43
         Invisible         |       |       |       |     2 |       ||     2
 Armour: Robe              |    17 |       |       |       |       ||    17
         Ring mail         |     3 |    77 |   114 |   115 |   114 ||   423
  Dodge: Dodged            |    87 |   103 |   154 |   166 |   191 ||   701
  Block: Buckler           |       |       |       |    82 |   122 ||   204
